 Dungeon Crawl Stone Soup version 0.26.0-45-g9c1d065592 (webtiles) character file.

Game seed: 8982199534632207678

(classic levelgen) 240 thiole the Changer (level 6, 0/36 HPs)
             Began as an Octopode Venom Mage on Jan 30, 2021.
             Slain by Edmund
             ... wielding a +2 dire flail of venom
              (11 damage)
             ... on level 4 of the Dungeon.
             The game lasted 00:03:30 (4089 turns).

thiole the Changer (Octopode Venom Mage)            Turns: 4089, Time: 00:03:31

Health: 0/36       AC:  1    Str:  8    XL:     6   Next: 8%
Magic:  4/9        EV: 13    Int: 19    God:
Gold:   180        SH:  0    Dex: 12    Spells: 8/9 levels left

rFire    . . .     SeeInvis .   k - +1 dagger (elec)
rCold    . . .     Faith    .   (no shield)
rNeg     . . .     Spirit   .   (helmet restricted)
rPois    .         Reflect  .   (no amulet)
rElec    .         Harm     .   (no ring)
rCorr    .         Rampage  .   (no ring)
Will     .....                  (no ring)
Stlth    +++.......             (no ring)
HPRegen  0.12/turn              (no ring)
MPRegen  0.11/turn              (no ring)
                                (no ring)
                                (no ring)

@: lethally poisoned (0 -> -24)
A: almost no armour, stealthy swim, amphibious, 8 rings, constrict 8, camouflage
1, gelatinous body 1
a: no special abilities


You were on level 4 of the Dungeon.
You visited 1 branch of the dungeon, and saw 4 of its levels.

You collected 180 gold pieces.

Inventory:

Hand Weapons
 k - a +1 dagger of electrocution (weapon)
Scrolls
 a - 7 scrolls of teleportation {unknown}
 c - 3 scrolls of remove curse {unknown}
 d - 2 scrolls of blinking {unknown}
 f - 2 scrolls of amnesia {unknown}
 g - a scroll of enchant weapon {unknown}
 h - a scroll of identify {unknown}
 m - a scroll of enchant armour {unknown}
 n - a scroll of random uselessness {unknown}
 o - 4 scrolls of noise {unknown}
 p - a scroll of magic mapping {unknown}
Potions
 b - a potion of lignification
 e - 4 potions of curing {unknown}
 i - a potion of might {unknown}
 j - a potion of berserk rage {unknown}
 l - 2 potions of degeneration {unknown}
 q - a potion of haste {unknown}
 r - 2 potions of heal wounds
 s - 2 potions of attraction {unknown}


   Skills:
 - Level 2.0 Dodging
 - Level 2.6 Stealth
 - Level 2.0 Spellcasting
 + Level 5.2 Transmutations
 - Level 2.0 Fire Magic
 - Level 4.0 Poison Magic


You had 8 spell levels left.
You knew the following spells:

 Your Spells              Type           Power        Failure   Level
a - Sting                 Tmut/Pois      76%          2%          1

Your spell library contained the following spells:

 Spells                   Type           Power        Failure   Level
 Poisonous Vapours        Pois/Air       18%          11%         2
 Ignite Poison            Fire/Tmut/Pois 16%          11%         3
 Mephitic Cloud           Conj/Pois/Air  6%           30%         3
 Olgreb's Toxic Radiance  Pois           17%          32%         4


Dungeon Overview and Level Annotations

Branches:
Dungeon (4/15)             Temple (0/1) D:4

Altars:
Ashenzari

Annotations:
D:4 Edmund


Innate Abilities, Weirdness & Mutations

You cannot wear most types of armour.
You are very stealthy in the water. (Stealth+)
You are amphibious.
You can wear up to eight rings at the same time.
You can use your tentacles to constrict eight enemies at once.
Your skin changes colour to match your surroundings (Stealth+).
Your rubbery body absorbs attacks. (AC +1, EV +1)


Message History

Casting: Sting (safe; 2% risk of failure)
Confirm with . or Enter, or press ? or * to list all spells.
Aiming: Sting (safe; 2% risk of failure)
Press: ? - help, Shift-Dir - straight line, f/p - Edmund
Aim: Edmund, wielding a +2 dire flail of venom and wearing a +3 ring mail of cold resistance (lightly wounded, constricted by you, very poisoned, 0% to evade)
The sting hits Edmund.
Edmund looks even sicker.
Edmund is lightly wounded.
You constrict Edmund, but do no damage.
You feel sick.
Edmund hits you with a +2 dire flail of venom.
You are more poisoned.
Casting: Sting (safe; 2% risk of failure)
Confirm with . or Enter, or press ? or * to list all spells.
Aiming: Sting (safe; 2% risk of failure)
Press: ? - help, Shift-Dir - straight line, f/p - Edmund
Aim: Edmund, wielding a +2 dire flail of venom and wearing a +3 ring mail of cold resistance (lightly wounded, constricted by you, very poisoned, 0% to evade)
The sting hits Edmund.
Edmund looks as sick as possible!
Edmund is lightly wounded.
You constrict Edmund, but do no damage.
You feel sick.
Edmund hits you with a +2 dire flail of venom!
You die...

#......##.###...######.#
######
........................
.......
#.#..#############....###
#######
#.#...................#
#.#....<#######..#####
#.#.##### ##.# #.### #.##
..# ##..## ### #.@..#
###### #.@..# ≈≈≈≈≈
#8?.8# ≈≈≈≈≈ #8..8≈≈
≈≈≈≈≈ #≈..≈≈≈≈ ≈≈≈≈≈
≈≈..≈≈≈≈≈≈ ###≈
≈≈..≈≈≈≈≈≈ #...
≈≈≈..≈≈≈### ###... #.....


You could see Edmund (extremely poisoned).

Vanquished Creatures
  A worker ant (D:4)
  7 adders
  7 gnolls
  An ooze (D:2)
  3 worms
  A dart slug (D:1)
  4 leopard geckos
  A ball python (D:2)
  4 giant cockroaches
  6 goblins
  8 hobgoblins
  5 jackals
  A quokka (D:3)
  11 bats
  3 frilled lizards
  6 kobolds
  2 rats (D:3)
71 creatures vanquished.

Notes
Turn   | Place    | Note
-------+----------+-------------------------------------------
     0 | D:1      | thiole the Octopode Venom Mage began the quest for the Orb.
     0 | D:1      | Reached XP level 1. HP: 11/11 MP: 3/3
   362 | D:1      | Reached XP level 2. HP: 17/17 MP: 1/5
   536 | D:1      | Found a broken altar of Ashenzari.
   539 | D:1      | Reached skill level 2 in Transmutations
   983 | D:2      | Reached skill level 1 in Fire Magic
  1016 | D:2      | Reached XP level 3. HP: 18/21 MP: 0/6
  1472 | D:2      | Reached XP level 4. HP: 5/27 MP: 0/7
  1779 | D:2      | Reached skill level 3 in Transmutations
  2880 | D:3      | Reached XP level 5. HP: 31/31 MP: 4/8
  2988 | D:3      | Reached skill level 4 in Transmutations
  3301 | D:4      | Found a staircase to the Ecumenical Temple.
  3777 | D:4      | Reached skill level 5 in Transmutations
  3784 | D:4      | Reached XP level 6. HP: 22/36 MP: 2/9
  4080 | D:4      | Noticed Edmund
  4089 | D:4      | Slain by Edmund

Illustrated notes

Levels and vault maps discovered:
D:1:      amcnicky_arrival_single_pillar, layout_loops_ring,
          evilmike_ruin_ashenzari
D:2:      layout_loops_ring
D:3:      layout_basic, st_stairs_13, dk_noncrumbling_4
D:4:      wander_river, layout_basic, minmay_temple_entry_antechambers,
          minmay_cupped, uniq_crazy_yiuf_cottage, uniq_edmund

Skill      XL: |  1  2  3  4  5 |
---------------+----------------+-----
Poison Magic   | 4 |  4.0
Transmutations | 2 3 5 |  5.2
Fire Magic     | 1 2 |  2.0
Dodging        | |  2.0
Stealth        | |  2.6
Spellcasting   | |  2.0

Action                   |  1- 3 |  4- 6 || total
-------------------------+-------+-------++-------
Melee: Unarmed           |    24 |     9 ||    33
       Constrict         |     7 |    11 ||    18
       Tentacles         |     5 |     4 ||     9
       Dagger            |       |    22 ||    22
 Cast: Sting             |    60 |    83 ||   143
  Use: Potion            |     1 |     1 ||     2
 Stab: Sleeping          |       |     1 ||     1
Armor: Skin              |     7 |     2 ||     9
Dodge: Dodged            |    19 |    42 ||    61
